 Dungeon Crawl Stone Soup version 0.29-a0-397-g846e4a0bbc (webtiles) character file.

Game seed: 9280299458086399709

5 trckry the Caller (level 1, -6/13 HPs)
             Began as a Barachi Summoner on May 11, 2022.
             Mangled by a kobold
             ... wielding a +0 mace
              (7 damage)
             ... on level 1 of the Dungeon.
             The game lasted 00:02:08 (239 turns).

trckry the Caller (Barachi Summoner)                 Turns: 239, Time: 00:02:09

Health: -6/13      AC:  2    Str:  9    XL:     1   Next: 80%
Magic:  0/3        EV: 12    Int: 15    God:
Gold:   16         SH:  0    Dex: 12    Spells: 3/4 levels left

rFire   . . .      SeeInvis .   (no weapon)
rCold   . . .      Faith    .   (no shield)
rNeg    . . .      Spirit   .   a - +0 robe
rPois   .          Reflect  .   (no helmet)
rElec   .          Harm     .   (no cloak)
rCorr   .          Rampage  .   (no gloves)
Will    .....                   (no boots)
Stlth   ++........              (no amulet)
HPRegen 0.04/turn               (no ring)
MPRegen 0.08/turn               (no ring)

@: unable to hop, slow
A: amphibious, slowness 1, strong legs 1, +LOS
a: Hop


You were on level 1 of the Dungeon.
You visited 1 branch of the dungeon, and saw 1 of its levels.

You collected 16 gold pieces.

Inventory:

Armour
 a - a +0 robe (worn)
Potions
 b - a potion of magic


   Skills:
 - Level 2.1 Dodging
 - Level 1.7 Stealth
 + Level 2.3 Spellcasting
 * Level 5.1 Summonings


You had 3 spell levels left.
You knew the following spells:

 Your Spells              Type           Power      Damage    Failure   Level
a - Summon Small Mammal   Summ           68%        N/A       2%          1

Your spell library contained the following spells:

 Spells                   Type           Power      Damage    Failure   Level
 Call Imp                 Summ           17%        N/A       4%          2
 Call Canine Familiar     Summ           17%        N/A       8%          3
 Summon Guardian Golem    Hex/Summ       9%         N/A       22%         3
 Summon Lightning Spire   Summ/Air       9%         N/A       58%         4


Dungeon Overview and Level Annotations

Branches:
Dungeon (1/15)

Altars:


Innate Abilities, Weirdness & Mutations

You are amphibious.
You cover ground slowly.
You can hop short distances.
You have an extended range of vision and can be seen from far away.


Message History

Confirm with . or Enter, or press ? or * to list all spells.
You now have 1/3 mp.
You swap places.
The kobold closely misses your quokka.
Your quokka barely misses the kobold.
The kobold hits your quokka with a +0 mace.
Your quokka misses the kobold.
The kobold hits your quokka with a +0 mace.
Your quokka dies!
Your quokka's corpse disappears in a puff of smoke!
Casting: Summon Small Mammal (safe; 2% risk of failure)
Confirm with . or Enter, or press ? or * to list all spells.
You now have 0/3 mp.
The kobold barely misses your quokka.
Your quokka barely misses the kobold.
Your quokka closely misses the kobold.
The kobold hits your quokka with a +0 mace!
Your quokka dies!
Your quokka's corpse disappears in a puff of smoke!
Hop to where?
Press: ? - help, Dir - move target, p - kobold Boing!
There is an open door here.
There is an open door here.
The kobold attacks as you move away! The kobold hits you with a +0 mace. x2
You take 5 damage, and have 8/13 hp.
MASSIVE DAMAGE!!
Casting: Summon Small Mammal (safe; 2% risk of failure)
Confirm with . or Enter, or press ? or * to list all spells.
The kobold barely misses you.
You now have 0/3 mp.
Your bat closely misses the kobold. x2
You see here 17 stones.
Your bat barely misses the kobold.
The kobold attacks as you move away! The kobold hits you with a +0 mace!
Ouch! That really hurt!
* * * LOW HITPOINT WARNING * * *
You take 7 damage, and have 1/13 hp.
MASSIVE DAMAGE!!
Casting: Summon Small Mammal (safe; 2% risk of failure)
Confirm with . or Enter, or press ? or * to list all spells.
Your bat barely misses the kobold. x2; The kobold hits you with a +0 mace!
Ouch! That really hurt!
You die...

####+#### #§≈§§§≈≈#
≈.....≈ ..... ##'## ####
####8'8#### ##### ##≈..
##.....r...###..g## #≈≈..
#...........##....#
#≈...##....@.(.....#....#
+≈...'8..(bK<...........+
#≈...#'..(...(.....#....#
#≈≈.g##...........##....#
##≈.. ##.........###...##
#### ###8'8#8### #####
######'######
#...........#
#§≈§§....§≈≈#


You could see a kobold (ally target), a friendly quokka (summoned) and a
friendly bat (summoned).

Vanquished Creatures (collateral kills)
  2 goblins (D:1)
  2 hobgoblins (D:1)
4 creatures vanquished.

Notes
Turn   | Place    | Note
-------+----------+-------------------------------------------
     0 | D:1      | trckry the Barachi Summoner began the quest for the Orb.
     0 | D:1      | Reached XP level 1. HP: 13/13 MP: 3/3
   185 | D:1      | Reached skill level 5 in Summonings
   238 | D:1      | HP: 1/13 [kobold/+0 mace (7)]
   239 | D:1      | Mangled by a kobold

Illustrated notes

Levels and vault maps discovered:
D:1:      dpeg_arrival_morbid_curiosity, layout_loops_ring, minmay_tromino_v2

Skill      XL: |  1 |
---------------+----+-----
Summonings     | 5 |  5.1
Dodging        | |  2.1
Stealth        | |  1.7
Spellcasting   | |  2.3

Action                   || total
-------------------------++-------
 Cast: Summon Small Mamm ||    12
 Abil: Hop               ||     2
Armor: Robe              ||     2
Dodge: Dodged            ||    12

Table legend: (Time is in decaauts)
 A = Elapsed time spent in this place.
 B = Non-inter-level travel time spent in this place.
 C = Inter-level travel time spent in this place.
 D = Time resting spent in this place.
 E = Time spent auto-exploring this place.
 F = Levels seen in this place.
 G = Mean time per level.
                   A        B        C        D        E       F      G
               +--------+--------+--------+--------+--------+-----+--------+
         Total |    250 |    250 |      0 |      0 |    157 |   1 |  250.0 |
       Dungeon |    250 |    250 |      0 |      0 |    157 |   1 |  250.0 |
               +--------+--------+--------+--------+--------+-----+--------+

Top non-repeatable levels by time:
     D:1: 250 daAuts
